 Dungeon Crawl Stone Soup version 0.29-a0-352-g0917bc69df (webtiles) character file.

Game seed: 15087847201914847310

374 101zpm the Gusty (level 6, -6/44 HPs)
             Began as a Gnoll Air Elementalist on Apr 24, 2022.
             Mangled by an orc warrior
             ... wielding a +0 mace
              (16 damage)
             ... on level 4 of the Dungeon.
             The game lasted 00:16:07 (5501 turns).

101zpm the Gusty (Gnoll Air Elementalist)           Turns: 5501, Time: 00:16:08

Health: -6/44      AC:  2    Str: 13    XL:     6   Next: 72%
Magic:  8/14       EV: 14    Int: 20    God:
Gold:   220        SH:  0    Dex: 16    Spells: 14/15 levels left

rFire   . . .      SeeInvis .   y - +6 spear "Xicais" {spect, Int+4 Dex+3}
rCold   . . .      Faith    .   (no shield)
rNeg    . . .      Spirit   .   a - +0 robe
rPois   .          Reflect  .   (no helmet)
rElec   .          Harm     .   (no cloak)
rCorr   .          Rampage  .   (no gloves)
Will    .....                   (no boots)
Stlth   +++.......              (no amulet)
HPRegen 0.14/turn               m - +6 ring of strength
MPRegen 0.14/turn               (no ring)

@: no status effects
A: fangs 1, strong nose, distributed training
a: no special abilities


You were on level 4 of the Dungeon.
You visited 1 branch of the dungeon, and saw 7 of its levels.

You collected 220 gold pieces.

Inventory:

Hand Weapons
 y - the +6 spear "Xicais" (weapon) {spect, Int+4 Dex+3}
   (You took it off an orc on level 3 of the Dungeon)

   When its wielder attacks, the weapon's spirit leaps out and strikes again.
   The spirit shares a part of any damage it takes with its wielder.
   Int:       It affects your intelligence (+4).
   Dex:       It affects your dexterity (+3).
Armour
 a - a +0 robe (worn)
Magical Staves
 r - a staff of air
Jewellery
 m - a +6 ring of strength (left hand)
 n - an amulet of guardian spirit
 s - a ring of resist corrosion
Wands
 u - a wand of polymorph (6)
Scrolls
 d - a scroll of enchant weapon {unknown}
 j - 3 scrolls of fear {unknown}
 k - 8 scrolls of identify {unknown}
 l - 3 scrolls of magic mapping {unknown}
 o - a scroll of brand weapon {unknown}
 p - 2 scrolls of noise {unknown}
 q - a scroll of silence {unknown}
 x - a scroll of blinking {unknown}
 A - a scroll of torment {unknown}
Potions
 b - 2 potions of magic
 c - 3 potions of curing {unknown}
 e - 4 potions of heal wounds {unknown}
 f - a potion of flight {unknown}
 g - a potion of cancellation {unknown}
 h - 2 potions of might {unknown}
 i - 3 potions of haste {unknown}
 t - a potion of brilliance {unknown}
 v - a potion of berserk rage {unknown}
 w - a potion of resistance {unknown}
 z - a potion of attraction {unknown}


   Skills:
 + Level 2.1 Fighting
 + Level 2.1 Short Blades
 + Level 2.1 Long Blades
 + Level 2.1 Axes
 + Level 2.1 Maces & Flails
 + Level 2.1 Polearms
 + Level 2.1 Staves
 + Level 2.1 Slings
 + Level 2.1 Bows
 + Level 2.1 Crossbows
 + Level 2.1 Throwing
 + Level 2.1 Armour
 + Level 5.0 Dodging
 + Level 4.6 Stealth
 + Level 2.1 Shields
 + Level 2.1 Unarmed Combat
 + Level 5.4 Spellcasting
 + Level 2.7 Conjurations
 + Level 1.6 Hexes
 + Level 1.6 Summonings
 + Level 1.6 Necromancy
 + Level 1.6 Translocations
 + Level 1.6 Transmutations
 + Level 1.6 Fire Magic
 + Level 1.6 Ice Magic
 + Level 5.7 Air Magic
 + Level 1.6 Earth Magic
 + Level 1.6 Poison Magic
 + Level 2.3 Invocations
 + Level 2.1 Evocations


You had 14 spell levels left.
You knew the following spells:

 Your Spells              Type           Power      Damage    Failure   Level
a - Shock                 Conj/Air       88%        1d8       1%          1

Your spell library contained the following spells:

 Spells                   Type           Power      Damage    Failure   Level
 Static Discharge         Conj/Air       22%        N/A       3%          2
 Swiftness                Air            28%        N/A       3%          3
 Airstrike                Air            14%        N/A       11%         4


Dungeon Overview and Level Annotations

Branches:
Dungeon (7/15)
 Temple: D:4-7

Altars:
Ashenzari
Beogh

Shops:
D:3 *=(=

Annotations:
D:3 feta's ghost, amateur TrFi
D:6 Grinder


Innate Abilities, Weirdness & Mutations

You have very sharp teeth.
Your uncanny sense of smell can sniff out nearby items.
Your experience applies equally to all skills.


Message History

The gnoll is heavily wounded.
The zap misses the gnoll.
The zap hits the two-headed ogre!
The two-headed ogre is lightly wounded.
The two-headed ogre shouts in stereo!
You hear a shout! x2
The gnoll closely misses you.
The zap misses the gnoll.
The zap hits the two-headed ogre.
The two-headed ogre is lightly wounded.
The gnoll hits you with a +0 whip.
The zap hits the gnoll.
The gnoll is almost dead.
The zap hits the two-headed ogre but does no damage.
The two-headed ogre is lightly wounded.
The gnoll hits you with a +0 whip!
The zap hits the gnoll.
The gnoll is almost dead.
The zap hits the two-headed ogre.
The two-headed ogre is moderately wounded.
The gnoll hits you with a +0 whip.
A gnoll comes into view. It is wielding a +0 club.
The zap hits the gnoll.
You kill the gnoll!
The zap hits the two-headed ogre.
The two-headed ogre is moderately wounded.
A gnoll comes into view. It is wielding a +0 club.
You climb upwards.
The orc warrior hits you with a +0 mace. x2
There is a stone staircase leading down, spattered with blood here.
The orc wizard shouts!
The orc warrior attacks as you move away!
The orc warrior hits you with a +0 mace!
* * * LOW HITPOINT WARNING * * *
The orc wizard gestures wildly while chanting.
The orc wizard flickers and vanishes!
Deactivating autopickup; reactivate with Ctrl-A.
The orc warrior attacks as you move away!
The orc warrior completely misses you.
You see here a +0 club.
There is an escape hatch in the ceiling here.
The orc warrior hits you with a +0 mace!
You die...

###....#.#####...##
##..##.....##
....).##.#
#.)..###.#.##.†..###
###.#.##.#
#...#>..............
#......#
#)..######.##...####
###.#### #...#
#.##...#... #.# #...#
#.##...#.## . ..# #...#
#......#.## # ######
####o#### ####.......
##...###....@..#
#....#.#
#.###.#.....##.#
#####.##
#.#..........#.########
###
#.#.#.#...............#
##...###.##.##.######.#
##.## #.##.##.# #.# #.#
#.......# #.# #.#
#.....).# ###.### #.#
#.......# #.....#


You could see an orc warrior.

Vanquished Creatures
  A necrophage (D:6)
  A gnoll shaman (D:5)
  A hound (D:6)
  Terence (D:3)
  An iguana (D:4)
  An orc wizard (D:5)
  3 gnolls
  4 adders
  A white imp (D:4)
  2 ufetubi (D:4)
  2 worms
  3 dart slugs
  12 orcs
  7 ball pythons
  4 bats
  9 endoplasms
  5 goblins
  6 hobgoblins
  3 jackals (D:2)
  5 quokkas
  A frilled lizard (D:2)
  4 kobolds
  6 rats (D:1)
83 creatures vanquished.

Notes
Turn   | Place    | Note
-------+----------+-------------------------------------------
     0 | D:1      | 101zpm the Gnoll Air Elementalist began the quest for the
                  | Orb.
     0 | D:1      | Reached XP level 1. HP: 13/13 MP: 6/6
   341 | D:1      | Reached XP level 2. HP: 19/19 MP: 5/7
   741 | D:1      | Reached skill level 5 in Spellcasting
   741 | D:1      | Reached XP level 3. HP: 25/25 MP: 4/9
  1022 | D:2      | Reached skill level 1 in Invocations
  1125 | D:2      | Reached skill level 1 in Fighting
  1125 | D:2      | Reached skill level 1 in Short Blades
  1125 | D:2      | Reached skill level 1 in Long Blades
  1125 | D:2      | Reached skill level 1 in Axes
  1125 | D:2      | Reached skill level 1 in Maces & Flails
  1125 | D:2      | Reached skill level 1 in Polearms
  1125 | D:2      | Reached skill level 1 in Staves
  1125 | D:2      | Reached skill level 1 in Slings
  1125 | D:2      | Reached skill level 1 in Bows
  1125 | D:2      | Reached skill level 1 in Crossbows
  1125 | D:2      | Reached skill level 1 in Throwing
  1125 | D:2      | Reached skill level 1 in Armour
  1125 | D:2      | Reached skill level 1 in Shields
  1125 | D:2      | Reached skill level 1 in Unarmed Combat
  1125 | D:2      | Reached skill level 1 in Evocations
  1132 | D:2      | Reached XP level 4. HP: 32/32 MP: 4/11
  1831 | D:3      | Found a faded altar of an unknown god.
  1862 | D:3      | Found Fistikyo's Jewellery Shoppe.
  1872 | D:3      | Noticed Terence
  1879 | D:3      | Killed Terence
  1880 | D:3      | Reached skill level 1 in Hexes
  1880 | D:3      | Reached skill level 1 in Summonings
  1880 | D:3      | Reached skill level 1 in Necromancy
  1880 | D:3      | Reached skill level 1 in Translocations
  1880 | D:3      | Reached skill level 1 in Transmutations
  1880 | D:3      | Reached skill level 1 in Fire Magic
  1880 | D:3      | Reached skill level 1 in Ice Magic
  1880 | D:3      | Reached skill level 1 in Earth Magic
  1880 | D:3      | Reached skill level 1 in Poison Magic
  2035 | D:3      | Found Qeujysch's Assorted Antiques.
  2185 | D:3      | Found Giacov's Weapon Shop.
  2327 | D:3      | Found Mossat's Jewellery Shoppe.
  2341 | D:3      | Reached XP level 5. HP: 37/37 MP: 10/12
  2565 | D:3      | Found a runed translucent gate.
  2565 | D:3      | Identified the +6 spear "Xicais" {spect, Int+4 Dex+3}
  2565 | D:3      | Identified the +2 chain mail "Dokaded" {-Cast rPois Dex+4}
  2566 | D:3      | Found a runed translucent gate.
  2567 | D:3      | Found a runed translucent gate.
  2567 | D:3      | Noticed feta's ghost (amateur TrFi)
  2790 | D:5      | Entered Level 5 of the Dungeon
  3061 | D:6      | Found a broken altar of Ashenzari.
  3083 | D:6      | Reached XP level 6. HP: 38/44 MP: 9/13
  3145 | D:6      | Noticed Grinder
  3803 | D:4      | Reached skill level 5 in Dodging
  3932 | D:4      | Noticed an orc warrior
  5473 | D:5      | Noticed a two-headed ogre
  5501 | D:4      | Mangled by an orc warrior

Illustrated notes

Levels and vault maps discovered:
D:1:      dpeg_arrival_ratfight, layout_basic, minmay_liquid_box
D:2:      layout_rooms, grunt_ministairs_1
D:3:      layout_rooms, nicolae_ecumenical_oubliette,
          biasface_ghost_orc_armoury, serial_shops,
          nicolae_shop_bloodbath_and_beyond, shop_fountains, shop, shop_coins,
          nrook_loot_triangle, uniq_terence
D:4:      layout_loops_cross, minmay_misc_feat_five
D:5:      layout_gridville, serial_shops, nicolae_shop_hallway_plus,
          uniq_edmund, uniq_duvessa
D:6:      layout_loops_ring, mainiacjoe_overflow_large_starburst,
          mainiacjoe_overflow_two_lobes, uniq_grinder, uniq_blork_the_orc
D:7:      layout_basic, minmay_temple_entry_overgrown, serial_curves,
          eino_curves_03, eino_curves_01, chequers_hall_statues_y,
          nrook_mini_vaults, minmay_nine_imps, uniq_crazy_yiuf_cottage,
          uniq_prince_ribbit1

Skill      XL: |  1  2  3  4  5  6 |
---------------+-------------------+-----
Conjurations   | 2 |  2.7
Spellcasting   | 5 |  5.4
Invocations    | 1 2 |  2.3
Fighting       | 1 2 |  2.1
Short Blades   | 1 2 |  2.1
Long Blades    | 1 2 |  2.1
Axes           | 1 2 |  2.1
Maces & Flails | 1 2 |  2.1
Polearms       | 1 2 |  2.1
Staves         | 1 2 |  2.1
Slings         | 1 2 |  2.1
Bows           | 1 2 |  2.1
Crossbows      | 1 2 |  2.1
Throwing       | 1 2 |  2.1
Armour         | 1 2 |  2.1
Shields        | 1 2 |  2.1
Unarmed Combat | 1 2 |  2.1
Evocations     | 1 2 |  2.1
Hexes          | 1 |  1.6
Summonings     | 1 |  1.6
Necromancy     | 1 |  1.6
Translocations | 1 |  1.6
Transmutations | 1 |  1.6
Fire Magic     | 1 |  1.6
Ice Magic      | 1 |  1.6
Earth Magic    | 1 |  1.6
Poison Magic   | 1 |  1.6
Dodging        | 5 |  5.0
Stealth        | |  4.6
Air Magic      | |  5.7

Action                   |  1- 3 |  4- 6 || total
-------------------------+-------+-------++-------
 Cast: Shock             |    59 |   142 ||   201
Armor: Robe              |     2 |     4 ||     6
Dodge: Dodged            |     8 |    20 ||    28

Table legend: (Time is in decaauts)
 A = Elapsed time spent in this place.
 B = Non-inter-level travel time spent in this place.
 C = Inter-level travel time spent in this place.
 D = Time resting spent in this place.
 E = Time spent auto-exploring this place.
 F = Levels seen in this place.
 G = Mean time per level.
                   A        B        C        D        E       F      G
               +--------+--------+--------+--------+--------+-----+--------+
         Total |   5509 |   5334 |    175 |   1973 |   2699 |   7 |  787.0 |
       Dungeon |   5509 |   5334 |    175 |   1973 |   2699 |   7 |  787.0 |
               +--------+--------+--------+--------+--------+-----+--------+

Top non-repeatable levels by time:
     D:4: 1658 daAuts
     D:2: 1046 daAuts
     D:1: 993 daAuts
     D:3: 950 daAuts
     D:6: 581 daAuts
     D:5: 271 daAuts
     D:7: 7 daAuts
